 Dungeon Crawl Stone Soup version 0.23.2-1-ga50397a (webtiles) character file.

Game seed: 7261753955785613760

16036 wilfster70 the Cleaver (level 12, -24/154 HPs)
             Began as a Demonspawn Berserker on Apr 25, 2019.
             Was a High Priest of Trog.
             Annihilated by a death yak (27 damage)
             ... on level 3 of the Lair of Beasts.
             The game lasted 00:30:13 (10900 turns).

wilfster70 the Cleaver (Demonspawn Berserker)      Turns: 10900, Time: 00:30:13

Health: -24/154    AC: 19    Str: 26    XL:     12   Next: 6%
Magic:  0/12       EV:  8    Int: 19    God:    Trog [*****.]
Gold:   606        SH:  5    Dex: 17    Spells: 11/11 levels left

rFire    + . .     SeeInvis .   q - +5 war axe of Trog's Hatred {chaos, rPois rF+ Int+4}
rCold    . . .     Gourm    .   G - +0 buckler
rNeg     . . .     Faith    .   y - +0 plate armour
rPois    +         Spirit   +   F - +2 hat {Int+3}
rElec    .         Reflect  .   (no cloak)
rCorr    .         Harm     .   n - +0 pair of gloves {Dex+3}
MR       +....                  (no boots)
Stlth    ..........             E - amulet of guardian spirit
HPRegen  0.35/turn              v - ring "Ganesiot" {Int+3 Stlth-}
MPRegen  0.13/turn              k - ring of protection from magic

@: berserking (expiring), very quick
A: claws 2, rugged brown scales 2, demonic guardian 1, spiny 2
a: Berserk, Trog's Hand, Brothers in Arms, Renounce Religion


You were on level 3 of the Lair of Beasts.
You worshipped Trog.
Trog was extremely pleased with you.
You were near starving.

You visited 3 branches of the dungeon, and saw 14 of its levels.

You collected 606 gold pieces.

Inventory:

Hand Weapons
 a - a +0 war axe
 b - a +5 flail
 q - the +5 war axe of Trog's Hatred (weapon) {chaos, rPois rF+ Int+4}
   (Trog gifted it to you on level 9 of the Dungeon)

   Each time it hits an enemy it has a different, random effect.
   It affects your intelligence (+4).
   It protects you from fire.
   It protects you from poison.
Armour
 m - a +3 leather armour of poison resistance
 n - a +0 pair of gloves of dexterity (worn)
 y - a +0 plate armour (worn)
 C - a +2 pair of gloves
 F - a +2 hat of intelligence (worn)
 G - a +0 buckler (worn)
Jewellery
 k - a ring of protection from magic (right hand)
 v - the ring "Ganesiot" (left hand) {Int+3 Stlth-}
   (You found it on level 2 of the Lair of Beasts)

   [ring of attention]

   It affects your intelligence (+3).
   It makes you less stealthy.
 A - an uncursed ring of ice
 D - an uncursed ring of fire
 E - an amulet of guardian spirit (around neck)
Wands
 p - a wand of paralysis (22)
 r - a wand of disintegration (5)
 H - a wand of scattershot (7)
 I - a wand of clouds (6)
 J - a wand of flame (23)
Scrolls
 e - a scroll of magic mapping
 h - 2 scrolls of teleportation
 l - 5 scrolls of enchant armour
 o - a scroll of fog
 t - a scroll of fear
Potions
 d - a potion of brilliance
 f - a potion of flight
 g - 14 potions of curing
 i - a potion of resistance
 j - a potion of haste
 s - a potion of heal wounds
 u - a potion of invisibility
 x - a potion of ambrosia
 z - a potion of agility {unknown}
 B - a potion of mutation
 K - a potion of magic
Comestibles
 c - 18 rations
 w - 8 chunks of flesh


   Skills:
 + Level 10.6 Fighting
 - Level 12.0 Axes
 + Level 9.6 Armour
 - Level 1.7 Dodging
 + Level 4.0 Shields


You had 11 spell levels left.
You didn't know any spells.
Your spell library contained the following spells:

 Spells                   Type           Power        Failure   Level  Hunger
 Sandblast                Erth           #.....       89%         1    ##.....
 Passwall                 Tmut/Erth      #.......     96%         2    ###....
 Stone Arrow              Conj/Erth      #.....       99%         3    ####...
 Petrify                  Tmut/Erth      #.......     100%        4    #####..
 Lee's Rapid Deconstruct  Erth           #.........   100%        5    ######.


Dungeon Overview and Level Annotations

Branches:
Dungeon (10/15)            Temple (1/1) D:4            Lair (3/6) D:10
 Shoals (0/4) Lair:2
  Snake: Lair:2-4    Spider: Lair:2-4       Orc: D:9-12

Altars:
Dithmenos
Gozag
Hepliaklqana
Kikubaaqudgha
Ru
Sif Muna
Uskayaw
Vehumet
Wu Jian
Xom

Shops:
D:9 !

Annotations:
Lair:2 1 runed translucent door, Mrkaede's ghost, journeyman GrFi


Innate Abilities, Weirdness & Mutations

You have very sharp fingernails.
You are mostly covered in rugged brown scales. (AC +2, +5% HP)
A weak demonic guardian rushes to your aid.
You are mostly covered in sharp spines.


Message History

Your ufetubus barely misses the yak.
The yak is struck by your spines. The yak gores you but does no damage.
The death yak gores you!!
* * * LOW HITPOINT WARNING * * *
Your iron imp hits the yak.
The yak gores your iron imp but does no damage.
The yak gores your iron imp!
Your iron imp dies!
You slash the death yak!
The death yak looks as sick as possible!
The death yak is heavily wounded.
You hit the death yak.
The death yak flickers and vanishes!
Deactivating autopickup; reactivate with Ctrl-A.
You slash the yak!
The yak looks as sick as possible!
Your ufetubus barely misses the yak.
Your ufetubus closely misses the yak.
Something gores you but does no damage. The death yak is struck by your spines.
The death yak gores you!!
* * * LOW HITPOINT WARNING * * *
The yak barely misses the death yak.
Your ufetubus hits the yak. x2; The death yak gores you!!
You die...

#..... #....P# ..##....
#...##.##.## ...####..
#.....##### P...##P#.# #
#...P...####P.........
....#.#.#..#...............>.....
................(................
≈≈≈..... ........................
≈≈≈≈..# ##.....5.................
≈≈≈≈≈.#.##....YY@####..#.........
≈≈≈≈≈≈..#......Y.†.# .#.#....#..#
≈†≈≈≈≈..##.....Y{##.#.##.. ..#..#
..≈≈≈≈............ ..# #.. #..
<.≈≈≈...##.......## .# ... ...
...≈...##........# ..# .. #..
..≈#...# #........ # #.. ..##P.##
#........ ... ..# .# ........#
###


You could see a death yak (berserk), 3 yaks and a friendly ufetubus.

Vanquished Creatures
  Gastronok (D:9)
  A two-headed ogre (D:8)
  The ghost of schauveau the Severer, a novice MiFi of Okawaru (D:8)
  A death yak (Lair:3)
  A merfolk siren (Lair:2)
  2 spiny frogs
  2 komodo dragons (Lair:2)
  A troll (shapeshifter) (Lair:3)
  Prince Ribbit (Lair:3)
  3 blink frogs
  5 hippogriffs
  6 spriggans (Lair:1)
  2 wyverns
  14 yaks
  Eustachio (D:4)
  Grum (D:9)
  Menkaure (D:7)
  2 wargs (D:10)
  7 water moccasins
  2 porcupines
  2 orc warriors
  2 ice beasts (D:8)
  A black bear (Lair:3)
  5 ogres
  2 phantoms
  3 sky beasts
  A necrophage (D:7)
  3 wolves (D:9)
  4 centaurs
  A crocodile (Lair:3)
  A big kobold (D:7)
  8 bullfrogs
  A scorpion (D:9)
  A water moccasin skeleton (D:7)
  6 killer bees (D:8)
  5 wights (D:8)
  An electric eel (Lair:3)
  2 crimson imps (D:8)
  2 hounds
  5 orc wizards
  5 orc priests
  A bullfrog skeleton (D:4)
  2 iguanas
  7 worker ants
  A hound skeleton (D:8)
  2 worker ant zombies
  9 adders
  2 howler monkey skeletons
  3 gnolls (D:6)
  2 shadow imps
  4 white imps (D:8)
  A howler monkey simulacrum (D:8)
  3 oozes
  A worm (D:5)
  An adder simulacrum (D:8)
  2 dart slugs
  2 leopard geckos
  21 orcs
  A giant cockroach (D:2)
  3 goblins
  4 hobgoblins
  3 jackals (D:4)
  4 quokkas
  6 ball pythons
  7 bats
  5 frilled lizards
  14 kobolds
  9 rats
236 creatures vanquished.

Vanquished Creatures (collateral kills)
  A spriggan (Lair:1)
  Sigmund (D:4)
  2 yaks (D:9)
  An orc warrior (D:10)
  A phantom (D:8)
  An ogre (D:7)
  A centaur (D:5)
  A wolf (D:9)
  A bullfrog (D:7)
  A scorpion (D:5)
  A wight (D:8)
  A hound (D:9)
  2 jellies (D:9)
  A centaur skeleton (D:4)
  2 orc wizards
  2 orcs
20 creatures vanquished.

Grand Total: 256 creatures vanquished

Notes
Turn   | Place    | Note
-------+----------+-------------------------------------------
     0 | D:1      | wilfster70 the Demonspawn Berserker began the quest for the
                  | Orb.
     0 | D:1      | Reached XP level 1. HP: 18/18 MP: 1/1
   285 | D:1      | Reached skill level 3 in Axes
   285 | D:1      | Gained mutation: You are partially covered in sharp spines.
                  | [demonic ancestry]
   285 | D:1      | Reached XP level 2. HP: 4/24 MP: 2/2
  1210 | D:2      | Gained mutation: A weak demonic guardian rushes to your
                  | aid. [demonic ancestry]
  1210 | D:2      | Reached XP level 3. HP: 26/29 MP: 3/3
  1763 | D:2      | Reached ** piety under Trog
  2387 | D:3      | Reached XP level 4. HP: 28/35 MP: 4/4
  2584 | D:3      | Found an ancient bone altar of Kikubaaqudgha.
  2585 | D:3      | Found a radiant altar of Vehumet.
  2760 | D:3      | Reached skill level 4 in Axes
  3168 | D:4      | Gained mutation: You have sharp fingernails. [demonic
                  | ancestry]
  3168 | D:4      | Reached XP level 5. HP: 38/42 MP: 5/5
  3299 | D:4      | Found a staircase to the Ecumenical Temple.
  3397 | D:4      | Noticed Eustachio
  3413 | D:4      | Reached *** piety under Trog
  3424 | D:4      | HP: 2/42 [iron imp[Eustachio] (8)]
  3478 | Temple   | Entered the Ecumenical Temple
  3751 | D:4      | Killed Eustachio
  3751 | D:4      | Reached skill level 5 in Axes
  3751 | D:4      | Gained mutation: You are partially covered in rugged brown
                  | scales. (AC +1, +3% HP) [demonic ancestry]
  3751 | D:4      | Reached XP level 6. HP: 50/50 MP: 6/6
  3806 | D:4      | Noticed Sigmund
  3813 | D:4      | Killed Sigmund
  3865 | D:4      | Reached XP level 7. HP: 46/56 MP: 7/7
  4015 | D:5      | Entered Level 5 of the Dungeon
  4121 | D:5      | Found an opulent altar of Gozag.
  4169 | D:5      | Found an ornate altar of the Wu Jian Council.
  4670 | D:6      | Reached skill level 5 in Fighting
  4670 | D:6      | Reached skill level 6 in Axes
  5534 | D:6      | Reached XP level 8. HP: 64/64 MP: 8/8
  5604 | D:7      | Noticed a hippogriff
  5613 | D:7      | Killed a hippogriff
  5856 | D:7      | Reached skill level 7 in Axes
  5937 | D:7      | Reached skill level 5 in Armour
  6007 | D:7      | Noticed a hippogriff
  6015 | D:7      | Killed a hippogriff
  6064 | D:7      | Reached skill level 8 in Axes
  6180 | D:7      | Noticed a +0 dagger
  6181 | D:7      | Noticed a +0 dagger
  6184 | D:7      | Found a hide-covered altar of Uskayaw.
  6271 | D:7      | Reached XP level 9. HP: 54/73 MP: 9/9
  6623 | D:7      | Noticed Menkaure
  6628 | D:7      | Killed Menkaure
  6898 | D:8      | Found a runed translucent gate.
  6899 | D:8      | Found a runed translucent gate.
  6900 | D:8      | Found a runed translucent gate.
  7024 | D:8      | Noticed schauveau's ghost (novice MiFi)
  7036 | D:8      | Reached skill level 9 in Axes
  7039 | D:8      | Killed schauveau's ghost
  7039 | D:8      | Reached **** piety under Trog
  7143 | D:8      | Found a deep blue altar of Sif Muna.
  7213 | D:8      | Gained mutation: You are mostly covered in sharp spines.
                  | [demonic ancestry]
  7213 | D:8      | Reached XP level 10. HP: 69/82 MP: 8/10
  7366 | D:8      | Reached skill level 10 in Axes
  7378 | D:8      | Noticed a two-headed ogre
  7399 | D:8      | Killed a two-headed ogre
  7690 | D:8      | Found a shadowy altar of Dithmenos.
  7695 | D:8      | Found a hazy altar of Hepliaklqana.
  7698 | D:8      | Found a shimmering altar of Xom.
  7928 | D:9      | Noticed Grum
  7938 | D:9      | Killed Grum
  8231 | D:9      | Reached ***** piety under Trog
  8318 | D:9      | Found Yckynix's Distillery.
  8494 | D:9      | Found a sacrificial altar of Ru.
  8543 | D:9      | Reached skill level 11 in Axes
  8570 | D:9      | Received a gift from Trog
  8573 | D:9      | Got a translucent war axe {god gift}
  8574 | D:9      | Identified the +5 war axe of Trog's Hatred {chaos, rPois
                  | rF+ Int+4} (Trog gifted it to you on level 9 of the
                  | Dungeon)
  8828 | D:9      | Noticed Gastronok
  8839 | D:9      | Killed Gastronok
  8839 | D:9      | Gained mutation: You have very sharp fingernails. [demonic
                  | ancestry]
  8839 | D:9      | Reached XP level 11. HP: 91/91 MP: 9/11
  8930 | D:10     | Entered Level 10 of the Dungeon
  8933 | D:10     | Found a staircase to the Lair.
  8963 | Lair:1   | Entered Level 1 of the Lair of Beasts
  9394 | Lair:1   | Reached skill level 12 in Axes
  9637 | Lair:1   | Reached skill level 1 in Shields
  9819 | Lair:2   | Found a runed translucent door.
  9819 | Lair:2   | Noticed Mrkaede's ghost (journeyman GrFi)
  9863 | Lair:2   | Found a staircase to the Shoals.
 10019 | Lair:2   | Reached skill level 10 in Fighting
 10066 | Lair:2   | Got a crude bronze ring
 10068 | Lair:2   | Identified the ring "Ganesiot" {Int+3 Stlth-} (You found it
                  | on level 2 of the Lair of Beasts)
 10414 | Lair:3   | Noticed Prince Ribbit
 10421 | Lair:3   | Killed Prince Ribbit
 10872 | Lair:3   | Noticed a death yak
 10882 | Lair:3   | Noticed a death yak
 10883 | Lair:3   | Noticed a death yak
 10891 | Lair:3   | Killed a death yak
 10891 | Lair:3   | Gained mutation: You are mostly covered in rugged brown
                  | scales. (AC +2, +5% HP) [demonic ancestry]
 10891 | Lair:3   | Reached XP level 12. HP: 50/102 MP: 4/12
 10899 | Lair:3   | HP: 3/154 [death yak (24)]
 10900 | Lair:3   | Annihilated by a death yak

Skill      XL: |  1  2  3  4  5  6  7  8  9 10 11 12 |
---------------+-------------------------------------+-----
Axes           | 3 4 5 6 8 9 11 12 | 12.0
Armour         | 2 3 4 5 6 8 9 |  9.6
Fighting       | 4 5 6 7 9 10 | 10.6
Shields        | 3 4 |  4.0
Dodging        | |  1.7

Action                   |  1- 3 |  4- 6 |  7- 9 | 10-12 || total
-------------------------+-------+-------+-------+-------++-------
Melee: Hand axe          |   102 |    97 |     9 |       ||   208
       War axe           |       |       |   175 |   309 ||   484
Invok: Berserk           |     1 |     2 |     1 |     2 ||     6
       Brothers in Arms  |       |       |       |     1 ||     1
Evoke: Wand              |       |       |       |     1 ||     1
  Use: Scroll            |     3 |       |     7 |    14 ||    24
       Potion            |       |       |       |     2 ||     2
 Stab: Sleeping          |     2 |       |       |       ||     2
       Distracted        |       |       |     1 |     4 ||     5
       Paralysed         |       |       |       |     3 ||     3
       Confused          |       |       |       |     1 ||     1
  Eat: Chunk             |     5 |     7 |    11 |    13 ||    36
Armor: Animal skin       |     3 |       |       |       ||     3
       Leather armour    |    21 |    24 |    18 |       ||    63
       Plate armour      |       |       |   109 |   181 ||   290
Dodge: Dodged            |    56 |    47 |    90 |    70 ||   263
Block: Buckler           |       |       |       |    10 ||    10
